 Dungeon Crawl Stone Soup version 0.19-a0-734-ge18daf0 (webtiles) character file.

610 zero the Poker (level 7, -2/55 HPs)
             Began as a Centaur Gladiator on June 22, 2016.
             Slain by an orc warrior
             ... wielding a +0 flail
              (23 damage)
             ... on level 4 of the Dungeon.
             The game lasted 00:05:21 (4051 turns).

zero the Poker (Centaur Gladiator)                  Turns: 4051, Time: 00:05:22

Health: -2/55      AC:  9    Str: 19    XL:     7   Next: 20%
Magic:  7/7        EV:  5    Int:  7    God:
Gold:   174        SH:  0    Dex: 10    Spells: 0 memorised, 6 levels left

rFire  . . .     SeeInvis .     a - +0 trident
rCold  . . .     Gourm    .     h - +0 chain mail
rNeg   . . .     Faith    .     (no shield)
rPois  +         Spirit   .     c - +0 helmet
rElec  .         Dismiss  .     u - +0 cloak
rCorr  .         Reflect  .     (no gloves)
SustAt .         Harm     .     (no barding)
MR     .....                    (no amulet)
Stlth  ..........               (no ring)
                                s - ring of poison resistance

@: very quick, not resistant to hostile enchantments, extremely unstealthy
A: hooves 3, deformed body, speed 2, tough skin 3
a: no special abilities


You were on level 4 of the Dungeon.
You were not hungry.

You visited 1 branch of the dungeon, and saw 4 of its levels.

You collected 174 gold pieces.

Inventory:

Hand Weapons
 a - a +0 trident (weapon)
Missiles
 d - 3 throwing nets (quivered)
Armour
 c - a +0 helmet (worn)
 h - a +0 chain mail (worn)
 u - a +0 cloak (worn)
Jewellery
 s - a ring of poison resistance (left hand)
 w - an uncursed ring of ice {unknown}
Wands
 t - a wand of lightning (5/15)
Scrolls
 e - 2 scrolls of teleportation {unknown}
 i - 2 scrolls of recharging {unknown}
 k - a scroll of random uselessness {unknown}
 l - a scroll of fog {unknown}
 m - 5 scrolls of remove curse {unknown}
 o - 4 scrolls of magic mapping {unknown}
 p - 4 scrolls of identify {unknown}
 r - 2 scrolls of immolation {unknown}
 v - a scroll of enchant armour {unknown}
 x - a scroll of blinking {unknown}
Potions
 g - a potion of berserk rage {unknown}
 j - 2 potions of brilliance {unknown}
 n - a potion of curing {unknown}
 z - a potion of cure mutation {unknown}
 B - a potion of heal wounds {unknown}
Comestibles
 b - a royal jelly
 f - 6 bread rations
 q - 3 fruits
 A - 2 meat rations


   Skills:
 - Level 2.0 Fighting
 + Level 7.6 Polearms
 - Level 2.1 Throwing
 - Level 2.1 Dodging


You had 6 spell levels left.
You didn't know any spells.

Dungeon Overview and Level Annotations

Branches:
Dungeon (4/15)
 Temple: D:4-7

Altars:
Gozag
Hepliaklqana
Okawaru
Yredelemnul
The Shining One


Innate Abilities, Weirdness & Mutations

You have hooves in place of feet.
Armour fits poorly on your strangely shaped body.
You cover ground very quickly.
You have extremely tough skin. (AC +3)


Message History

The orc warrior is lightly wounded.
The orc wizard casts a cantrip, but nothing happens.
You hit the orc warrior.
You kick the orc warrior, but do no damage.
The orc warrior is lightly wounded.
The orc warrior hits you with a flail!
You hit the orc warrior but do no damage.
The orc warrior is lightly wounded.
The orc warrior hits you with a flail.
You hit the orc warrior but do no damage.
You kick the orc warrior, but do no damage.
The orc warrior is lightly wounded.
The orc warrior hits you with a flail!
You hit the orc warrior but do no damage.
The orc warrior is lightly wounded.
The orc hits you but does no damage.
You hit the orc warrior but do no damage.
The orc warrior is lightly wounded.
The orc warrior hits you with a flail!!
You die...

#.####.########### #.#
#............ #.####.###.....###
####..........#...##
#.........####.....#
###.##..###.........## #.
#...........######.## .
#.P.P..####.# #.# .## #.._..@#
#.# #.# ..#.#.P.Poo####.# ##'## #
##(#.#.....o.....# ##..)## #. ...
#.......##### ##.....## ##<##.#
#.###.#..## ##.......#
###...#.###.###.#...####.........
........(..............'.........
#.....#(#...###.....####.........
#.##.##.#.#..###...## ##.......#


You could see an orc warrior, an orc wizard and an orc.

Vanquished Creatures
  The ghost of mistymad the Shooter, an amateur CeHu (D:4)
  A howler monkey (D:4)
  A crimson imp (D:4)
  A hound (D:4)
  An orc priest (D:3)
  2 orc wizards
  3 worker ants (D:4)
  11 gnolls
  An adder skeleton (D:4)
  3 worms
  6 dart slugs
  6 giant geckos
  7 orcs (D:3)
  4 giant cockroaches
  9 goblins
  9 hobgoblins
  3 quokkas
  7 bats
  A giant gecko skeleton (D:4)
  5 giant newts
  3 kobolds
  12 rats
97 creatures vanquished.

Notes
Turn   | Place    | Note
--------------------------------------------------------------
     0 | D:1      | zero the Centaur Gladiator began the quest for the Orb.
     0 | D:1      | Reached XP level 1. HP: 17/17 MP: 1/1
    44 | D:1      | Reached skill level 3 in Polearms
    76 | D:1      | Reached XP level 2. HP: 17/24 MP: 2/2
   230 | D:1      | Reached XP level 3. HP: 21/29 MP: 3/3
   530 | D:1      | Reached skill level 4 in Polearms
   603 | D:1      | Found a glowing golden altar of the Shining One.
  1031 | D:1      | Reached XP level 4. HP: 9/36 MP: 4/4
  1882 | D:2      | Reached skill level 5 in Polearms
  2144 | D:3      | Reached XP level 5. HP: 32/41 MP: 5/5
  2590 | D:3      | Reached skill level 6 in Polearms
  2598 | D:3      | Found a hazy altar of Hepliaklqana.
  2765 | D:4      | Found an iron altar of Okawaru.
  2793 | D:4      | Noticed mistymad's ghost (amateur CeHu)
  2832 | D:4      | Reached XP level 6. HP: 26/48 MP: 6/6
  2833 | D:4      | Found a basalt altar of Yredelemnul.
  3064 | D:4      | Noticed an orc warrior
  3716 | D:4      | Killed mistymad's ghost
  3716 | D:4      | Reached skill level 7 in Polearms
  3717 | D:4      | Found an opulent altar of Gozag.
  3742 | D:4      | Reached XP level 7. HP: 29/55 MP: 7/7
  4051 | D:4      | Slain by an orc warrior

Vault maps used:
D:1:      onia_arrival_larder, minmay_misc_feat_secret_circle, tso_altar
D:2:      first_bread
D:3:      lemuel_doored_altar
D:4:      lemuel_upstairs_altar, yredelemnul_altar_generic, old_standard_altar,
          okawaru_metal_pillars_1_2

Skill      XL: |  1  2  3  4  5  6 |
---------------+-------------------+-----
Polearms       | 3 4 5 6 7 |  7.6
Fighting       | |  2.0
Throwing       | |  2.1
Dodging        | |  2.1

Action                   |  1- 3 |  4- 6 |  7- 9 || total
-------------------------+-------+-------+-------++-------
Melee: Trident           |   131 |   251 |    26 ||   408
       Kick              |    17 |    57 |     8 ||    82
  Eat: Chunk             |       |     6 |       ||     6
       Fruit             |       |     2 |     1 ||     3
Armor: Leather armour    |    20 |       |       ||    20
       Chain mail        |    35 |   103 |     7 ||   145
Dodge: Dodged            |    29 |    52 |     3 ||    84
